 Dungeon Crawl Stone Soup version 0.27.0-1-g7a089689b8 (webtiles) character file.

Game seed: 7276007017051677369

403 SkeletonJelly the Slasher (level 6, 0/51 HPs)
             Began as a Draconian Monk on Aug 13, 2021.
             Killed from afar by an orc wizard (4 damage)
             ... with a puff of flame
             ... on level 3 of the Dungeon.
             The game lasted 00:04:37 (3032 turns).

SkeletonJelly the Slasher (Draconian Monk)          Turns: 3032, Time: 00:04:38

Health: 0/51       AC:  6    Str: 13    XL:     6   Next: 55%
Magic:  6/6        EV: 13    Int: 10    God:
Gold:   110        SH:  0    Dex: 16    Spells: 5/5 levels left

rFire    . . .     SeeInvis +   a - +0 falchion
rCold    . . .     Faith    .   (no shield)
rNeg     . . .     Spirit   .   (armour unavailable)
rPois    .         Reflect  .   (helmet restricted)
rElec    .         Harm     .   (no cloak)
rCorr    .         Rampage  .   (no gloves)
Will     .....                  (no boots)
Stlth    ++........             (no amulet)
HPRegen  0.17/turn              c - ring of see invisible
MPRegen  0.10/turn              (no ring)

@: no status effects
A: AC +6, unfitting armour, cold-blooded
a: no special abilities


You were on level 3 of the Dungeon.
You visited 1 branch of the dungeon, and saw 5 of its levels.

You collected 110 gold pieces.

Inventory:

Hand Weapons
 a - a +0 falchion (weapon)
Jewellery
 c - a ring of see invisible (left hand)
Scrolls
 b - a scroll of fear {unknown}
 e - a scroll of brand weapon {unknown}
 f - a scroll of teleportation {unknown}
 g - a scroll of amnesia {unknown}
 i - a scroll of torment {unknown}
 j - 3 scrolls of enchant armour {unknown}
 k - a scroll of blinking {unknown}


   Skills:
 - Level 3.2 Fighting
 + Level 7.5 Long Blades
 - Level 2.6 Dodging
 - Level 1.7 Stealth


You had 5 spell levels left.
You didn't know any spells.
Your spell library contained the following spells:

 Spells                   Type           Power      Damage    Failure   Level
 Animate Skeleton         Necr           0%         N/A       36%         1
 Pain                     Necr           0%         1d4       36%         1
 Blink                    Tloc           N/A        N/A       50%         2
 Lesser Beckoning         Tloc           0%         N/A       75%         3
 Vampiric Draining        Necr           0%         2d6       75%         3
 Manifold Assault         Tloc           0%         N/A       100%        5


Dungeon Overview and Level Annotations

Branches:
Dungeon (5/15)
 Temple: D:4-7

Altars:

Annotations:
D:2 1 runed translucent door, Crazy Yiuf


Innate Abilities, Weirdness & Mutations

Your plain brown scales are hard. (AC +6)
You cannot fit into any form of body armour.
You are cold-blooded and may be slowed by cold attacks.


Message History

The orc priest is almost dead.
The orc priest barely misses you.
You barely miss the orc priest.
The orc priest is almost dead.
The orc priest hits you with a +0 hand axe.
You hit the orc priest.
You kill the orc priest!
You feel your dexterity returning.
You closely miss the orc wizard.
Your tail-slap misses the orc wizard.
The orc wizard completely misses you.
You miss the orc wizard.
The orc wizard hits you but does no damage.
You closely miss the orc wizard. The orc wizard casts a spell at you.
The puff of flame hits you!
You barely miss the orc wizard.
The orc wizard hits you but does no damage.
You closely miss the orc wizard.
The orc wizard hits you but does no damage.
You closely miss the orc wizard. The orc wizard closely misses you.
You barely miss the orc wizard. You closely miss the orc wizard.
The orc wizard points at you and mumbles some strange words.
You are confused.
You closely miss the orc wizard.
Your tail-slap misses the orc wizard.
The orc wizard misses you.
You bump into the rock wall.
The orc wizard hits you but does no damage.
The orc wizard gestures wildly while chanting.
The orc wizard flickers and vanishes for a moment.
You slash the orc wizard!
The orc wizard is heavily wounded.
You miss the orc.
The orc wizard hits you with a +0 dagger.
* * * LOW HITPOINT WARNING * * *
The orc barely misses you.
You hit the orc but do no damage. The orc wizard barely misses you.
The orc hits you but does no damage.
You bump into the rock wall.
You feel less confused.
The orc wizard mumbles some strange words.
The orc wizard flickers and vanishes for a moment.
The orc hits you with a +0 club.
* * * LOW HITPOINT WARNING * * *
You hit the orc.
Your tail-slap misses the orc.
The orc is heavily wounded.
The orc wizard gestures at you while chanting.
You resist with some effort. The orc barely misses you.
You slash the orc!
You kill the orc!
The orc wizard barely misses you.
You riposte.
You barely miss the orc wizard.
Your tail-slap misses the orc wizard.
The orc wizard is heavily wounded.
The orc hits you but does no damage. The orc wizard misses you.
Things that are here:
a +0 club; 8 gold pieces You hit the orc.
The orc is moderately wounded.
The orc hits you with a +0 falchion.
* * * LOW HITPOINT WARNING * * *
The orc wizard closely misses you.
You hit the orc.
Your tail-slap misses the orc.
The orc is almost dead.
The orc barely misses you.
An orc comes into view. It is wielding a +0 falchion.
The orc wizard closely misses you.
The orc shouts!
You hit the orc.
You kill the orc!
The orc wizard gestures at you while chanting.
You resist with some effort. The orc wizard casts a spell at you.
You are confused.
The orc wizard hits you with a +1 dagger of flaming.
* * * LOW HITPOINT WARNING * * *
The orc wizard burns you.
* * * LOW HITPOINT WARNING * * *
Items here: $ )) [ ††.
You bump into the rock wall.
The orc wizard barely misses you. The orc wizard closely misses you.
You're too confused to move!
The orc wizard hits you with a +1 dagger of flaming.
* * * LOW HITPOINT WARNING * * *
The orc wizard burns you.
* * * LOW HITPOINT WARNING * * *
The orc wizard hits you with a +0 dagger.
* * * LOW HITPOINT WARNING * * *
You're too confused to move!
The orc wizard hits you but does no damage. x2
You're too confused to move!
You feel less confused.
The orc wizard hits you but does no damage. x2
You closely miss the orc wizard.
An orc comes into view. It is wielding a +0 short sword.
The orc wizard barely misses you.
The orc wizard hits you but does no damage.
You barely miss the orc wizard. The orc wizard barely misses you.
The orc wizard gestures at you while chanting.
The puff of flame hits you.
You die...

#. +# #.....#
##.# .# #.....#
##...##.#
#.....#
##.......###..
##...##
#.....o.......
##.##
..#.....######.#
#.#
........oo.....#
#.#
....#.###o######
#.# ..# ## #@#
#.# .
#o#########.#
#...........#
#############


You could see 2 orc wizards and 3 orcs.

Vanquished Creatures
  Grinder (D:5)
  A hound (D:2)
  An orc priest (D:3)
  An iguana (D:5)
  4 adders (D:2)
  A dart slug (D:1)
  3 orcs (D:3)
  4 endoplasms
  4 giant cockroaches
  4 hobgoblins
  8 jackals
  2 quokkas
  8 ball pythons
  3 bats
  4 frilled lizards
  7 goblins
  9 kobolds
  4 rats
69 creatures vanquished.

Vanquished Creatures (others)
  A dart slug (D:1)
  A frilled lizard (D:1)
2 creatures vanquished.

Grand Total: 71 creatures vanquished

Notes
Turn   | Place    | Note
-------+----------+-------------------------------------------
     0 | D:1      | SkeletonJelly the Draconian Monk began the quest for the
                  | Orb.
     0 | D:1      | Reached XP level 1. HP: 19/19 MP: 1/1
   330 | D:1      | Reached XP level 2. HP: 26/26 MP: 2/2
   611 | D:1      | Reached skill level 4 in Long Blades
   704 | D:1      | Reached XP level 3. HP: 30/31 MP: 3/3
  1168 | D:2      | Reached skill level 5 in Long Blades
  1168 | D:2      | Reached XP level 4. HP: 20/38 MP: 4/4
  2147 | D:2      | Found a runed translucent door.
  2148 | D:2      | Noticed Crazy Yiuf
  2487 | D:3      | You fall into a shaft and drop 2 floors!
  2487 | D:5      | Entered Level 5 of the Dungeon
  2497 | D:5      | Reached skill level 6 in Long Blades
  2497 | D:5      | Reached XP level 5. HP: 20/45 MP: 5/5
  2696 | D:5      | Noticed Grinder
  2719 | D:5      | Killed Grinder
  2720 | D:5      | Reached skill level 7 in Long Blades
  2720 | D:5      | Reached XP level 6. HP: 11/51 MP: 6/6
  3032 | D:3      | Killed from afar by an orc wizard

Illustrated notes

Levels and vault maps discovered:
D:1:      amcnicky_arrival_underground_garden, layout_basic, lemuel_flame_loot_1
D:2:      layout_loops_ring, uniq_crazy_yiuf_cottage
D:3:      minmay_chambers_of_twos, layout_loops_ring,
          dreamdust_ecumenical_altar_sealed_demon
D:4:      layout_cave_pools, nicolae_tso_besieged_by_evil,
          nicolae_hepliaklqana_hazy_memory, uniq_pikel
D:5:      layout_gridville, uniq_grinder

Skill      XL: |  1  2  3  4  5 |
---------------+----------------+-----
Long Blades    | 4 5 6 7 |  7.5
Fighting       | |  3.2
Dodging        | |  2.6
Stealth        | |  1.7

Action                   |  1- 3 |  4- 6 || total
-------------------------+-------+-------++-------
Melee: Falchion          |   103 |   110 ||   213
       Tailslap          |    11 |    11 ||    22
Evoke: Wand              |       |    15 ||    15
  Use: Potion            |     2 |     2 ||     4
 Stab: Sleeping          |     3 |     4 ||     7
       Distracted        |     1 |       ||     1
Armor: Skin              |    39 |    31 ||    70
Dodge: Dodged            |    83 |    74 ||   157
       Rpst.: Falchion   |    28 |    20 ||    48
